 Dungeon Crawl Stone Soup version 0.30-a0-956-gcec3b41aec (webtiles) character file.

Game seed: 9795292657017115819

354 Dirian the Covered (level 6, -17/56 HPs)
             Began as a Minotaur Fighter on Mar 29, 2023.
             Demolished by an ogre
             ... wielding a +0 giant club
              (27 damage)
             ... on level 5 of the Dungeon.
             The game lasted 00:08:10 (3440 turns).

Dirian the Covered (Minotaur Fighter)               Turns: 3440, Time: 00:08:11

Health: -17/56     AC:  9    Str: 21 (22) XL:     6   Next: 35%
Magic:  5/5        EV:  9    Int:  3 (5)  God:
Gold:   150        SH:  4    Dex:  8 (10) Spells: 5/5 levels left

rFire   . . .      SeeInvis .    a - +1 war axe
rCold   . . .      Faith    .    c - +0 buckler
rNeg    . . .      Spirit   .    b - +0 scale mail
rPois   .          Reflect  .    (helmet restricted)
rElec   .          Rampage  .    (no cloak)
rCorr   .                        (no gloves)
Will    .....                    k - +0 pair of boots Stlth
                                 (no amulet)
HPRegen 0.29/turn                (no ring)
MPRegen 0.09/turn                (no ring)

@: no status effects
A: horns 2, retaliatory headbutt
a: no special abilities


You were on level 5 of the Dungeon.
You visited 1 branch of the dungeon, and saw 5 of its levels.

You collected 210 gold pieces.
You spent 60 gold pieces at shops.

Inventory:

Hand Weapons
 a - a +1 war axe (weapon)
 w - a +0 mace
Missiles
 d - 2 boomerangs of dispersal (quivered)
Armour
 b - a +0 scale mail (worn)
 c - a +0 buckler (worn)
 k - a +0 pair of boots (worn)
Wands
 y - a wand of charming (5)
Scrolls
 e - a scroll of enchant weapon
 m - 3 scrolls of poison
 t - 6 scrolls of teleportation
 u - 2 scrolls of fog
Potions
 f - 3 potions of magic
 j - a potion of lignification {unknown}
 l - a potion of heal wounds {unknown}
 n - a potion of cancellation {unknown}
 p - a potion of flight {unknown}
 q - 2 potions of curing
 s - 2 potions of attraction
 v - a potion of invisibility {unknown}
 x - a potion of haste {unknown}


   Skills:
 + Level 5.5 Fighting
 - Level 2.4 Axes
 + Level 6.3 Armour
 + Level 5.4 Shields


You had 5 spell levels left.
You didn't know any spells.
Your spell library contained the following spells:

 Spells                   Type           Power      Damage    Failure   Level
 Summon Lightning Spire   Summ/Air       0%         N/A       100%        4
 Storm Form               Tmut/Air       0%         N/A       100%        7
 Maxwell's Capacitive Co  Air            0%         ∞         100%        8


Dungeon Overview and Level Annotations

Branches:
Dungeon (5/15) Zot: 26479
 Temple: D:4-7

Altars:

Shops:
D:2 *=

Annotations:
D:2 1 runed translucent door, Crazy Yiuf
D:3 2 transporters


Innate Abilities, Weirdness & Mutations

You have a pair of horns on your head.
You reflexively headbutt those who attack you in melee.


Message History

Done exploring.
There is a stone staircase leading down here.
Okay, then.
You climb downwards.
The adder hisses angrily.
Found a robe.
There is a stone staircase leading up here.
An ogre comes into view. It is wielding a +0 giant club.
The adder barely misses you. The ogre attacks as you move away!
The ogre hits you with a +0 giant club! The adder barely misses you.
You furiously retaliate!
You headbutt the adder. You closely miss the adder.
The adder is heavily wounded.
The adder bites you but does no damage. The adder barely misses you.
You furiously retaliate!
You headbutt the adder!
You kill the adder!
You hit the ogre.
The ogre is lightly wounded.
You block the ogre's attack.
You barely miss the ogre.
The ogre is lightly wounded.
The ogre hits you with a +0 giant club!
You slash the ogre! You headbutt the ogre.
The ogre is severely wounded.
You block the ogre's attack.
You hit the ogre.
The ogre is severely wounded.
The ogre barely misses you.
You hit the ogre.
The ogre is severely wounded.
The ogre hits you with a +0 giant club!!
Ouch! That really hurt!
* * * LOW HITPOINT WARNING * * *
You barely miss the ogre.
The ogre is severely wounded.
You block the ogre's attack.
You barely miss the ogre.
The ogre is severely wounded.
The ogre hits you with a +0 giant club!!
You die...

### ..# ######
###.###....#
#...O@.<#
#.#.###....[...
..# #.##.###.
#.# #.# # ...
..# ... ... #.#
##. .. .


You could see an ogre.

Vanquished Creatures
  A sky beast (D:4)
  A hound (D:3)
  An orc priest (D:3)
  An orc wizard (D:3)
  8 adders
  A white imp (D:3)
  6 worms
  A dart slug (D:4)
  4 orcs (D:3)
  7 endoplasms
  2 giant cockroaches
  12 goblins
  2 hobgoblins (D:2)
  3 jackals (D:4)
  2 quokkas
  6 ball pythons
  9 bats
  3 frilled lizards
  7 kobolds
  5 rats
82 creatures vanquished.

Vanquished Creatures (others)
  2 plants (D:2)
2 creatures vanquished.

Grand Total: 84 creatures vanquished

Notes
Turn   | Place    | Note
-------+----------+-------------------------------------------
     0 | D:1      | Dirian the Minotaur Fighter began the quest for the Orb.
     0 | D:1      | Reached XP level 1. HP: 19/19 MP: 0/0
   189 | D:1      | Reached XP level 2. HP: 27/27 MP: 1/1
   322 | D:1      | Reached skill level 4 in Armour
   849 | D:2      | Found Plog's Jewellery Shoppe.
   965 | D:2      | Reached XP level 3. HP: 33/33 MP: 2/2
  1111 | D:2      | Found a runed translucent door.
  1112 | D:2      | Noticed Crazy Yiuf
  1290 | D:2      | Found Tequneul's Assorted Antiques.
  1294 | D:2      | Reached XP level 4. HP: 41/41 MP: 3/3
  1309 | D:2      | Bought a scroll labelled QYABUC PIMMAPS for 21 gold pieces
  1309 | D:2      | Bought a sapphire potion for 18 gold pieces
  1309 | D:2      | Bought a scroll labelled PUMEVU JEEXTID for 21 gold pieces
  1549 | D:2      | Reached skill level 5 in Armour
  1887 | D:3      | Found a transporter.
  1914 | D:3      | Found a transporter.
  1943 | D:3      | Reached XP level 5. HP: 28/47 MP: 4/4
  1948 | D:3      | Reached skill level 5 in Shields
  2012 | D:3      | Reached skill level 5 in Fighting
  2698 | D:4      | Noticed a sky beast
  2715 | D:4      | Killed a sky beast
  2716 | D:4      | Reached skill level 6 in Armour
  2716 | D:4      | Reached XP level 6. HP: 13/56 MP: 5/5
  3427 | D:5      | Entered Level 5 of the Dungeon
  3440 | D:5      | Demolished by an ogre

Illustrated notes

Levels and vault maps discovered:
D:1:      tarquinn_simple_flora_water_a, layout_basic, roderic_malta_cross
D:2:      layout_loops_ring, serial_shops, nicolae_shop_overgrown_old_shop,
          shop, uniq_crazy_yiuf_cottage
D:3:      gammafunk_wand_slinger, layout_basic, minmay_strange_pillars,
          nrook_loot_triangle
D:4:      layout_basic, cheibrodos_gnoll_hut
D:5:      layout_loops_ring, chequers_temple_overflow_minitemple,
          chequers_big_river, uniq_edmund

Skill      XL: |  1  2  3  4  5 |
---------------+----------------+-----
Armour         | 4 5 6 |  6.3
Shields        | 4 5 |  5.4
Fighting       | 4 5 |  5.5
Axes           | |  2.4

Action                     |  1- 3 |  4- 6 || total
---------------------------+-------+-------++-------
  Melee: War axe           |    90 |    99 ||   189
         Headbutt          |    16 |    16 ||    32
    Use: Potion            |       |     7 ||     7
         Scroll            |       |     8 ||     8
 Armour: Scale mail        |    55 |    58 ||   113
  Dodge: Dodged            |    37 |    58 ||    95
  Block: Buckler           |    22 |    18 ||    40

Table legend: (Time is in decaauts)
 A = Elapsed time spent in this place.
 B = Non-inter-level travel time spent in this place.
 C = Inter-level travel time spent in this place.
 D = Time resting spent in this place.
 E = Time spent auto-exploring this place.
 F = Levels seen in this place.
 G = Mean time per level.
                   A        B        C        D        E       F      G
               +--------+--------+--------+--------+--------+-----+--------+
         Total |   3519 |   3316 |    203 |    235 |   2247 |   5 |  703.8 |
       Dungeon |   3519 |   3316 |    203 |    235 |   2247 |   5 |  703.8 |
               +--------+--------+--------+--------+--------+-----+--------+

Top non-repeatable levels by time:
     D:2: 1017 daAuts
     D:3: 945 daAuts
     D:1: 862 daAuts
     D:4: 678 daAuts
     D:5: 15 daAuts
